 Dungeon Crawl Stone Soup version 0.18-a0-19-g8b99b3a (webtiles) character file.

212 tp1 the Magician (level 5, -3/28 HPs)
             Began as a Deep Elf Fire Elementalist on Nov 1, 2015.
             Shot with an arrow by a centaur (9 damage)
             ... on level 4 of the Dungeon.
             The game lasted 00:20:15 (4078 turns).

tp1 the Magician (Deep Elf Fire Elementalist)       Turns: 4078, Time: 00:20:16

Health: -3/28      AC:  5    Str:  5    XL:     5   Next: 58%
Magic:  15/15      EV: 13    Int: 21    God:
Gold:   119        SH:  0    Dex: 15    Spells: 5 memorised, 2 levels left

rFire  . . .     SeeInvis .     q - -1 short sword
rCold  . . .     Clarity  .     a - +0 robe
rNeg   . . .     SustAt   +     (no shield)
rPois  .         Gourm    .     h - +2 hat
rElec  .         Spirit   .     (no cloak)
rCorr  .         Warding  .     o - +0 pair of gloves (curse)
rMut   .         Stasis   .     (no boots)
MR     .....                    (no amulet)
Stlth  ++........               d - ring of flight
                                n - ring of sustain attributes

@: not resistant to hostile enchantments, unstealthy
A: no striking features
a: Evoke Flight


You were on level 4 of the Dungeon.
You were hungry.

You visited 1 branch of the dungeon, and saw 4 of its levels.

You collected 119 gold pieces.

Inventory:

Hand Weapons
 e - a +0 blowgun
 q - a -1 short sword (weapon)
Missiles
 i - 16 poisoned needles
Armour
 a - a +0 robe (worn)
 h - a +2 hat (worn)
 o - a cursed +0 pair of gloves (worn)
Jewellery
 d - a ring of flight (right hand)
 n - a ring of sustain attributes (left hand)
Wands
 g - a wand of cold (5)
Scrolls
 l - a scroll of immolation
 m - 3 scrolls of identify
 p - a scroll of recharging {unknown}
Potions
 k - a potion of flight {unknown}
Books
 b - a book of Flames

   Spells                             Type                      Level
   a - Flame Tongue                   Conjuration/Fire             1
   b - Throw Flame                    Conjuration/Fire             2
   c - Conjure Flame                  Conjuration/Fire             3
   d - Inner Flame                    Hexes/Fire                   3
   e - Sticky Flame                   Conjuration/Fire             4
   f - Fireball                       Conjuration/Fire             5
Comestibles
 c - 2 bread rations
 f - a royal jelly
 j - 2 meat rations


   Skills:
 - Level 2.4 Dodging
 - Level 2.4 Stealth
 + Level 5.5 Spellcasting
 - Level 3.0 Conjurations
 - Level 4.1 Fire Magic
 - Level 2.1 Evocations


You had 2 spell levels left.
You knew the following spells:

 Your Spells              Type           Power        Failure   Level  Hunger
a - Flame Tongue          Conj/Fire      ###..        1%          1    None
b - Conjure Flame         Conj/Fire      ###.....     10%         3    ##.....
c - Throw Flame           Conj/Fire      ###...       3%          2    None
d - Inner Flame           Hex/Fire       ##......     17%         3    ##.....
e - Sticky Flame          Conj/Fire      ###.....     24%         4    ####...


Dungeon Overview and Level Annotations

Branches:
Dungeon (4/15)
 Temple: D:4-7

Altars:
Okawaru
The Shining One


Message History

Casting: Sticky Flame
Confirm with . or Enter, or press ? or * to list all spells.
Aiming: Flame Tongue
Press: ? - help, Shift-Dir - straight line, f/p - centaur skeleton
Aim: a centaur skeleton (covered in liquid flames)
The flame tongue hits the centaur skeleton.
The centaur skeleton burns!
You destroy the centaur skeleton!
You start resting.
Magic restored.
A centaur comes into view. It is wielding a whip.
The centaur shouts!
The centaur unwields an uncursed whip.
The centaur wields a shortbow.
The centaur shoots an arrow.
The arrow hits you!
Ouch! That really hurt!
You see here an arrow.
The centaur shoots an arrow.
The arrow hits you!
* * * LOW HITPOINT WARNING * * *
The centaur shoots an arrow.
The arrow hits you!
You die...

#. #.. #.. #... ...
################
#####'###..............#
..?.....#..............##
........@................
......#(.....#...........
.c........#..#.........##
#####..####..#.........#
##. #..#.........# #.
#..#.........# ##
#......###.#### ##.###.#
#..... #... #. ######


You could see a centaur.

Vanquished Creatures
  A centaur skeleton (D:4)
  An orc wizard (D:3)
  2 worker ants
  A hound skeleton (D:4)
  An adder (D:2)
  An ooze (D:4)
  2 worms
  A giant gecko (D:1)
  8 orcs (D:3)
  3 bats (D:1)
  6 giant cockroaches
  10 hobgoblins
  4 quokkas
  A giant newt (D:2)
  6 goblins
  8 kobolds
  12 rats
68 creatures vanquished.

Notes
Turn   | Place    | Note
--------------------------------------------------------------
     0 | D:1      | tp1 the Deep Elf Fire Elementalist began the quest for the Orb.
     0 | D:1      | Reached XP level 1. HP: 10/10 MP: 6/6
   346 | D:1      | Reached XP level 2. HP: 13/15 MP: 0/8
  1670 | D:2      | Found a faded altar to an unknown god.
  1694 | D:2      | Reached XP level 3. HP: 15/19 MP: 3/9
  1699 | D:2      | Learned a level 3 spell: Conjure Flame
  2016 | D:2      | Reached skill level 4 in Spellcasting
  2033 | D:2      | Found an iron altar of Okawaru.
  2038 | D:2      | Found a glowing golden altar of the Shining One.
  2155 | D:3      | Reached XP level 4. HP: 17/24 MP: 4/12
  2157 | D:3      | Reached skill level 5 in Spellcasting
  3690 | D:4      | Reached XP level 5. HP: 28/28 MP: 10/14
  3700 | D:4      | Reached skill level 1 in Evocations
  3884 | D:4      | Learned a level 2 spell: Throw Flame
  3888 | D:4      | Learned a level 3 spell: Inner Flame
  3893 | D:4      | Learned a level 4 spell: Sticky Flame
  4076 | D:4      | Noticed a centaur
  4078 | D:4      | Shot with an arrow by a centaur

Vault maps used:
D:1:      elethiomel_arrival_maze, patterned_corridor
D:2:      nicolae_overflow_hidden_temple, ecumenical_altar_1, first_bread
D:3:      minmay_door_path, minmay_door_square
D:4:      minmay_temple_entry_statues, serial_shops, shop

Action                   |  1- 3 |  4- 6 || total
-------------------------+-------+-------++-------
Melee: Unarmed           |    21 |     3 ||    24
       Short sword       |       |     4 ||     4
 Cast: Flame Tongue      |    88 |    56 ||   144
       Conjure Flame     |       |     3 ||     3
       Sticky Flame      |       |     2 ||     2
  Use: Scroll            |       |     5 ||     5
       Potion            |       |     4 ||     4
  Eat: Chunk             |     4 |     5 ||     9
